 Seeded DCSS version 0.28-a0-1182-g381e24db82 (webtiles) character file.

Game seed: 12130800008223909736 (custom seed)

1733 croobank the Carver (level 8, -7/71 HPs)
             Began as a Minotaur Berserker on Dec 16, 2021.
             Was a Priest of Trog.
             Killed from afar by a steam dragon (12 damage)
             ... with a ball of steam
             ... on level 7 of the Dungeon.
             The game lasted 00:23:13 (4580 turns).

croobank the Carver (Minotaur Berserker)            Turns: 4580, Time: 00:23:14

Health: -7/71      AC: 18    Str: 25    XL:     8   Next: 76%
Magic:  7/7        EV:  9    Int:  4    God:    Trog [***...]
Gold:   31         SH:  0    Dex:  9    Spells: 7/7 levels left

rFire   . . .      SeeInvis +   a - +0 falchion
rCold   . . .      Faith    .   (no shield)
rNeg    . . .      Spirit   .   o - +0 chain mail
rPois   .          Reflect  .   (helmet restricted)
rElec   .          Harm     +   E - scarf {harm}
rCorr   .          Rampage  .   (no gloves)
Will    ++...                   (no boots)
Stlth   ..........              d - amulet of regeneration
HPRegen 2.01/turn               D - ring of see invisible
MPRegen 0.10/turn               C - ring of the Tortoise {AC+8}

@: strong-willed, regenerating
A: horns 2, retaliatory headbutt
a: Renounce Religion, Berserk, Trog's Hand


You were on level 7 of the Dungeon.
You worshipped Trog.
Trog was most pleased with you.
You visited 1 branch of the dungeon, and saw 7 of its levels.

You collected 1604 gold pieces.
You spent 1573 gold pieces at shops.

Inventory:

Hand Weapons
 a - a +0 falchion (weapon)
 f - a +0 long sword
 p - a +0 vorpal hunting sling
 y - a +1 short sword of speed
Missiles
 c - 7 poisoned darts (quivered)
 e - 2 atropa-tipped darts
 k - 84 stones
 q - 26 sling bullets
 s - 3 curare-tipped darts
 A - a throwing net
Armour
 o - a +0 chain mail (worn)
 E - a scarf of harm (worn)
Jewellery
 d - an amulet of regeneration (around neck)
 g - a ring of fire
 C - the ring of the Tortoise (right hand) {AC+8}
   (You bought it in a shop on level 6 of the Dungeon)

   [ring of protection]

   AC:        It affects your AC (+8).
 D - a ring of see invisible (left hand)
Wands
 b - a wand of iceblast (7)
Scrolls
 i - 4 scrolls of identify {unknown}
 l - 2 scrolls of acquirement
 m - 3 scrolls of enchant armour {unknown}
 t - 3 scrolls of immolation {unknown}
 u - a scroll of summoning {unknown}
 v - 2 scrolls of fog {unknown}
 w - 2 scrolls of noise {unknown}
 x - a scroll of fear {unknown}
 z - a scroll of enchant weapon {unknown}
 B - 2 scrolls of teleportation
 F - 3 scrolls of holy word {unknown}
 H - a scroll of silence {unknown}
 K - 3 scrolls of amnesia {unknown}
Potions
 h - 2 potions of flight {unknown}
 j - a potion of attraction {unknown}
 n - a potion of berserk rage {unknown}
 r - a potion of degeneration {unknown}
 G - a potion of mutation {unknown}
 I - a potion of might {unknown}
 J - a potion of magic {unknown}


   Skills:
 + Level 6.9 Fighting
 + Level 9.2 Long Blades
 + Level 3.1 Throwing
 + Level 6.8 Armour
 + Level 4.2 Dodging
 + Level 1.0 Stealth


You had 7 spell levels left.
You didn't know any spells.
Your spell library was empty.

Dungeon Overview and Level Annotations

Branches:
Dungeon (7/15)             Temple (0/1) D:4

Altars:
Elyvilon

Shops:
D:6 =*[(   D:7 *

Annotations:
D:7 Maggie


Innate Abilities, Weirdness & Mutations

You have a pair of horns on your head.
You reflexively headbutt those who attack you in melee.


Message History

The steam dragon claws you but does no damage.
You closely miss the steam dragon. You closely miss the steam dragon.
The steam dragon breathes steam at you. The ball of steam hits you!
You hit the steam dragon but do no damage.
You headbutt the steam dragon, but do no damage.
You are engulfed in a cloud of scalding steam.
* * * LOW HITPOINT WARNING * * *
The steam dragon closely misses you. You furiously retaliate!
You headbutt the steam dragon!
The steam dragon claws you but does no damage.
Your skin crawls.
You feel strong-willed.
You are engulfed in a cloud of scalding steam.
The steam dragon bites you but does no damage.
The steam dragon claws you but does no damage.
You barely miss the steam dragon.
The steam dragon is moderately wounded.
You are engulfed in a cloud of scalding steam.
* * * LOW HITPOINT WARNING * * *
The steam dragon barely misses you.
The steam dragon claws you but does no damage.
The steam dragon breathes steam at you. The ball of steam hits you!
* * * LOW HITPOINT WARNING * * *
The ice beast is engulfed in a cloud of scalding steam.
Okay, then.
Okay, then.
Really walk into that cloud of steam?
Okay, then.
Okay, then.
Found a wand of paralysis (6).
Found 15 bolts.
The steam dragon breathes steam at you. The ball of steam hits you!
* * * LOW HITPOINT WARNING * * *
The steam dragon breathes steam at you. The ball of steam hits you!
You die...

...###.....
##.#....#... #.
.....#..#<####.#.
.......#. .......
..##...#.. #..(..##
#.# .......#......#
#....##.##......#.#
#....# .##$.......##
...... ##.....$@.§#
.......
#.......#§§###
....##.......##§§.#
...........#. #D..#
#..........####§§.#
...............Y..#
............#......#
......(.....#...../.#
...........###.....##


There were no monsters in sight!

Vanquished Creatures
  Sigmund (D:5)
  Eustachio (D:6)
  Pargi (D:3)
  4 sky beasts
  A black bear (D:4)
  A necrophage (D:6)
  A centaur (D:6)
  A bullfrog (D:7)
  4 hounds
  2 jellies (D:6)
  A bullfrog skeleton (D:6)
  An orc priest (D:6)
  A gnoll shaman (D:5)
  Jessica (D:3)
  An iguana (D:6)
  2 orc wizards (D:6)
  A hound zombie (D:5)
  A howler monkey skeleton (D:7)
  13 gnolls
  4 adders
  A shadow imp (D:5)
  A white imp (D:6)
  An ufetubus (D:5)
  An adder zombie (D:5)
  2 worms
  4 dart slugs
  8 orcs
  3 endoplasms (D:1)
  2 giant cockroaches
  4 goblins
  5 hobgoblins
  3 quokkas
  2 ball pythons (D:2)
  3 bats
  2 frilled lizards
  4 kobolds
  3 rats
92 creatures vanquished.

Notes
Turn   | Place    | Note
-------+----------+-------------------------------------------
     0 | D:1      | croobank the Minotaur Berserker began the quest for the
                  | Orb.
     0 | D:1      | Reached XP level 1. HP: 19/19 MP: 0/0
   362 | D:1      | Reached skill level 4 in Long Blades
   362 | D:1      | Reached XP level 2. HP: 27/27 MP: 1/1
   988 | D:2      | Reached ** piety under Trog
  1016 | D:2      | Reached XP level 3. HP: 33/34 MP: 2/2
  1673 | D:3      | Noticed Jessica
  1677 | D:3      | Killed Jessica
  1678 | D:3      | Reached XP level 4. HP: 38/41 MP: 3/3
  1905 | D:3      | Noticed Pargi
  1914 | D:3      | Killed Pargi
  1915 | D:3      | Reached skill level 5 in Long Blades
  1915 | D:3      | Reached skill level 1 in Throwing
  1915 | D:3      | Reached XP level 5. HP: 38/47 MP: 4/4
  2276 | D:3      | You fall into a shaft and drop 2 floors!
  2276 | D:5      | Entered Level 5 of the Dungeon
  2302 | D:5      | Reached skill level 5 in Fighting
  2445 | D:5      | Reached XP level 6. HP: 48/56 MP: 5/5
  2502 | D:4      | Reached skill level 6 in Long Blades
  2892 | D:4      | Found a staircase to the Ecumenical Temple.
  3034 | D:4      | Found a white marble altar of Elyvilon.
  3435 | D:5      | Identified 4 scrolls of acquirement
  3435 | D:5      | Acquired 1203 gold pieces
  3523 | D:5      | Noticed Sigmund
  3533 | D:5      | Killed Sigmund
  3534 | D:5      | Reached XP level 7. HP: 57/62 MP: 6/6
  3724 | D:6      | Found Wetiomp's General Store.
  3736 | D:6      | Reached skill level 7 in Long Blades
  3738 | D:6      | Reached skill level 5 in Armour
  3789 | D:6      | Noticed Eustachio
  3820 | D:6      | Killed Eustachio
  3821 | D:6      | Reached XP level 8. HP: 25/71 MP: 7/7
  3928 | D:6      | Reached skill level 8 in Long Blades
  3968 | D:6      | Found Leclugu's Jewellery Shop.
  3994 | D:6      | Bought the ring of the Tortoise {AC+8} for 1408 gold pieces
  3994 | D:6      | Found the ring of the Tortoise {AC+8}
  3994 | D:6      | Bought a ring of see invisible for 165 gold pieces
  3994 | D:6      | Acquired a scarf of harm
  4009 | D:6      | Found Hicsephi's Antique Armour Boutique.
  4019 | D:6      | Reached *** piety under Trog
  4122 | D:6      | Found Ygyota's Weapon Shop.
  4266 | D:6      | Reached skill level 1 in Stealth
  4437 | D:7      | Reached skill level 9 in Long Blades
  4517 | D:7      | Found Mijiuple's Assorted Antiques.
  4546 | D:7      | Noticed Maggie
  4578 | D:7      | HP: 1/71 [steam dragon/ball of steam (19)]
  4580 | D:7      | Killed from afar by a steam dragon

Illustrated notes

Levels and vault maps discovered:
D:1:      minmay_arrival_checkered_box, layout_basic, minmay_pentomino_q2
D:2:      layout_loops_cross
D:3:      layout_loops_corners, serial_bayou, serial_bayou_pond_c,
          serial_bayou_lagoon_b, serial_bayou_pond_c, serial_bayou_pond_e,
          uniq_pargi, uniq_jessica
D:4:      layout_basic, marbit_many_paths, minmay_temple_entry_enclosed_plants,
          hex_intersection
D:5:      layout_rooms, uniq_sigmund
D:6:      layout_rooms, serial_shops, shop, nicolae_diamond_shop,
          nicolae_shop_advertising_works [nicolae_subvault_shop_adworks], shop,
          chequers_serial_rivers_micro_a, uniq_eustachio
D:7:      layout_cave_pools, serial_gnoll_camp, gnoll_camp_mini_shop,
          gnoll_camp_mini_loothouse, gnoll_camp_mini_sergeant,
          gnoll_camp_mini_shop, serial_shops, kennysheep_little_box, uniq_maggie

Skill      XL: |  1  2  3  4  5  6  7  8 |
---------------+-------------------------+-----
Fighting       | 4 5 6 |  6.9
Long Blades    | 4 5 6 7 9 |  9.2
Throwing       | 1 2 3 |  3.1
Armour         | 3 4 5 6 |  6.8
Dodging        | 3 4 |  4.2
Stealth        | 1 |  1.0

Action                   |  1- 3 |  4- 6 |  7- 9 || total
-------------------------+-------+-------+-------++-------
Melee: Falchion          |    77 |    79 |   133 ||   289
       Headbutt          |    14 |    15 |    22 ||    51
Throw: Dart              |     8 |     9 |    15 ||    32
Invok: Berserk           |       |     1 |     1 ||     2
       Trog's Hand       |       |       |     1 ||     1
  Use: Potion            |       |     1 |       ||     1
       Scroll            |       |     1 |     2 ||     3
Armor: Leather armour    |    23 |     5 |       ||    28
       Animal skin       |     1 |       |       ||     1
       Chain mail        |       |    26 |   148 ||   174
Dodge: Dodged            |    29 |    47 |   104 ||   180

Table legend: (Time is in decaauts)
 A = Elapsed time spent in this place.
 B = Non-inter-level travel time spent in this place.
 C = Inter-level travel time spent in this place.
 D = Time resting spent in this place.
 E = Time spent auto-exploring this place.
 F = Levels seen in this place.
 G = Mean time per level.
                   A        B        C        D        E       F      G
               +--------+--------+--------+--------+--------+-----+--------+
         Total |   4612 |   4487 |    125 |    276 |   3129 |   7 |  658.9 |
       Dungeon |   4612 |   4487 |    125 |    276 |   3129 |   7 |  658.9 |
               +--------+--------+--------+--------+--------+-----+--------+

Top non-repeatable levels by time:
     D:1: 977 daAuts
     D:3: 904 daAuts
     D:4: 703 daAuts
     D:6: 679 daAuts
     D:2: 673 daAuts
     D:5: 508 daAuts
     D:7: 166 daAuts
